 Dungeon Crawl Stone Soup version 0.32-a0-918-g0f22ef8d61 (webtiles) character file.

Game seed: 4603172934296080243

14284 Biggs the Skirmisher (level 12, -3/103 HPs)
             Began as a Coglin Hunter on Apr 11, 2024.
             Was a Priest of Okawaru.
             Slain by a vampire (5 damage)
             ... while petrified by a basilisk
             ... on level 10 of the Dungeon.
             The game lasted 00:19:58 (12164 turns).

Biggs the Skirmisher (Coglin Hunter)               Turns: 12164, Time: 00:19:59

Health: -3/103     AC:  4    Str: 11    XL:     12   Next: 14%
Magic:  12/12      EV:  2    Int: 11    God:    Okawaru [***...]
Gold:   410        SH:  0    Dex: 21    Spells: 11/11 levels left

rFire   . . .        a - +8 sling {Cortez}
rCold   . . .        H - +0 sling (drain) {Manveen}
rNeg    + + +        d - +0 troll leather armour
rPois   ∞            t - +0 helmet
rElec   .            (no cloak)
rCorr   .            (no gloves)
SInv    .            (no boots)
Will    .....        (amulet unavailable)
Stlth   +            (ring unavailable)
HPRegen 1.17/turn    (ring unavailable)
MPRegen 0.13/turn    (no gizmo)

%: no passive effects
@: confused, petrified, studying Fighting, revving
A: off-hand wielding, slow wielding, warmup strikes, no jewellery
a: Invent Gizmo, Renounce Religion, Heroism


You were on level 10 of the Dungeon.
You worshipped Okawaru.
Okawaru was most pleased with you.
You visited 2 branches of the dungeon, and saw 11 of its levels.
You also visited: Sewer and Bailey.

You collected 618 gold pieces.
You spent 208 gold pieces at shops.

Inventory:

Hand Weapons
 a - a +8 sling (weapon) {Cortez}
 H - a +0 sling of draining (offhand) {Manveen}
 I - the +10 morningstar "Eos" {elec, Halo rElec}
   (You found it in a bailey)

   Halo:      It grants its wielder a halo, revealing invisible creatures and
   increasing accuracy against all within it other than the wielder.
   rElec:     It insulates you from electricity.
Armour
 c - a +0 leather armour
 d - a +0 troll leather armour (worn)
 t - a +0 helmet (worn)
 J - a +2 leather armour of fire resistance
Wands
 h - a wand of digging (1)
 o - a wand of mindburst (7)
 C - a wand of light (2)
 G - a wand of paralysis (11)
Scrolls
 b - a scroll of butterflies
 f - 2 scrolls of blinking
 g - a scroll of torment
 j - 5 scrolls of teleportation
 k - 4 scrolls of noise
 n - 2 scrolls of amnesia
 p - a scroll of immolation
 q - 2 scrolls of fear {unknown}
 v - 2 scrolls of vulnerability {unknown}
 w - a scroll of enchant armour {unknown}
 x - a scroll of silence {unknown}
 y - 2 scrolls of revelation {unknown}
 E - a scroll of poison {unknown}
 F - a scroll of brand weapon {unknown}
 K - a scroll of identify
 L - a scroll of fog {unknown}
Potions
 e - 3 potions of curing
 i - a potion of cancellation
 l - 2 potions of lignification {unknown}
 m - 3 potions of attraction {unknown}
 r - 4 potions of might {unknown}
 s - 3 potions of heal wounds
 u - 5 potions of haste {unknown}
 z - 3 potions of mutation {unknown}
 A - 2 potions of resistance {unknown}
 B - 2 potions of invisibility {unknown}
 D - 3 potions of brilliance {unknown}


   Skills:
 + Level 12.5 Fighting
 - Level 14.0 Ranged Weapons
 - Level 7.0 Dodging
 - Level 0.7 Stealth
 - Level 5.0 Evocations


You had 11 spell levels left.
You didn't know any spells.
Your spell library contained the following spells:

 Spells                   Type           Power      Damage    Failure   Level
 Freeze                   Ice            0%         1d3       43%         1
 Frozen Ramparts          Ice            0%         1d1       80%         3
 Hailstorm                Conj/Ice       0%         3d5       80%         3
 Sigil of Binding         Hex            0%         N/A       80%         3
 Alistair's Intoxication  Alch           0%         N/A       100%        5
 Borgnjor's Vile Clutch   Necr/Erth      0%         N/A       100%        5
 Eringya's Noxious Bog    Alch           0%         4d6       100%        6
 Death Channel            Necr           Unusable   N/A       N/A         6
 Sculpt Simulacrum        Ice/Alch       Unusable   N/A       N/A         6

Dungeon Overview and Level Annotations

Branches:
Dungeon (10/15)            Temple (1/1) D:4            Lair (0/5) D:10
  Sewer (visited)          Bailey (visited)
    Orc: D:9-12

Altars:
Ashenzari
Cheibriados
Dithmenos
Elyvilon
Fedhas
Gozag
Hepliaklqana
Kikubaaqudgha
Makhleb
Nemelex Xobeh
Okawaru
Qazlal
Sif Muna
Trog
Uskayaw
Vehumet
Wu Jian
Yredelemnul
The Shining One

Shops:
D:3 !   D:6 :


Innate Abilities, Weirdness & Mutations

You can wield a second weapon in your off-hand.
It takes a long time for you to wield or remove held weapons.
Your first few attacks do less damage.
You cannot equip rings or amulets.


Message History

You hear some strange, mumbled words.
You are confused.
The basilisk bites you! The wyvern bites you! Something hits you.
The wyvern bites you.
You hear some strange, mumbled words.
You are more confused.
The basilisk gazes at you. You resist with some effort. The wyvern bites you.
Something hits you!
You hear some strange, mumbled words.
Something tries to affect you, but you resist.
The basilisk bites you. The wyvern bites you.
Something hits you but does no damage. The wyvern bites you.
Something hits you. Something bites you! The basilisk barely misses you.
Something hits you. The wyvern bites you. Something hits you!
Something hits you. Something bites you but does no damage.
The basilisk gazes at you. The wyvern bites you. Something hits you.
Something hits you. The wyvern bites you. Something hits you.
Something bites you!
* * * LOW HITPOINT WARNING * * *
The basilisk bites you!
* * * LOW HITPOINT WARNING * * *
Something hits you.
* * * LOW HITPOINT WARNING * * *
The wyvern bites you. Something hits you!
* * * LOW HITPOINT WARNING * * *
Something completely misses you. Something bites you!
* * * LOW HITPOINT WARNING * * *
The basilisk bites you!
* * * LOW HITPOINT WARNING * * *
The wyvern bites you.
* * * LOW HITPOINT WARNING * * *
The wyvern bites you!
* * * LOW HITPOINT WARNING * * *
Something hits you.
* * * LOW HITPOINT WARNING * * *
Something bites you!
You die...

)####..##........###.....####.###
##.................#...... ..[
####..#.........# #....... .#..
#..#.........# #......# .#
#..#....~~...# #..~...#
#..#.....~...# # ...#.........#
#.# #......P.....# . ...
...........@###.... ...
....P...P†.lk{...... #.#
.......P.♣.......... #..
.PP.............. ...
....P.......#.. #..
...P..P........ ..
>..PPP......... # ........####...
.....♣P.# ...


You could see a basilisk and a wyvern (very drained).

Vanquished Creatures
  Snorg (D:10)
  Erica (D:8)
  A two-headed ogre (D:10)
  An ugly thing (D:7)
  A cyclops (D:9)
  Joseph (D:9)
  A kobold demonologist (D:10)
  Psyche (D:9)
  2 harpy zombies (D:10)
  3 trolls
  A hornet (D:7)
  2 meliai zombies (D:10)
  3 wyverns
  9 yaks (D:9)
  Eustachio (D:6)
  2 steam dragons
  Menkaure (D:4)
  A two-headed ogre zombie (D:10)
  Duvessa (D:6)
  6 water moccasins
  2 black bears
  15 orc warriors
  2 ice beasts
  A laughing skull (D:10)
  2 wolves (D:10)
  12 centaurs
  4 kobold brigands
  2 phantoms
  2 brain worms (Sewer)
  A bullfrog (D:8)
  A gnoll sergeant (D:6)
  6 scorpions
  Dowan (D:6)
  4 spriggan zombies (D:10)
  10 killer bees
  A howler monkey (D:6)
  6 bombardier beetles
  A wolf zombie (D:10)
  2 centaur zombies (D:10)
  7 hounds
  6 orc priests
  2 jellies
  Natasha (thrice) (D:4)
  3 iguanas
  3 orc wizards
  2 killer bee zombies (D:10)
  14 adders
  A gnoll (D:6)
  3 river rats (Sewer)
  A shadow imp (D:5)
  4 white imps
  2 ufetubi (D:6)
  3 dart slugs
  6 ribbon worms
  36 orcs
  13 endoplasms
  3 giant cockroaches
  4 goblins
  4 hobgoblins
  31 kobolds
  5 quokkas
  12 ball pythons
  6 bats
  7 frilled lizards
  10 rats
306 creatures vanquished.

Vanquished Creatures (others)
  A sky beast (D:7)
1 creature vanquished.

Grand Total: 307 creatures vanquished

Notes
Turn   | Place    | Note
-------+----------+-------------------------------------------
     0 | D:1      | Biggs the Coglin Hunter began the quest for the Orb.
     0 | D:1      | Reached XP level 1. HP: 16/16 MP: 1/1
    97 | D:1      | Reached skill level 4 in Ranged Weapons
    97 | D:1      | Reached XP level 2. HP: 22/22 MP: 2/2
   227 | D:1      | Reached XP level 3. HP: 27/27 MP: 3/3
   777 | D:2      | Reached skill level 5 in Ranged Weapons
   777 | D:2      | Reached XP level 4. HP: 32/33 MP: 4/4
  1898 | D:3      | Found Uckoic's Distillery.
  1902 | D:3      | Bought a potion of heal wounds for 65 gold pieces
  2139 | D:4      | Found a staircase to the Ecumenical Temple.
  2152 | Temple   | Entered the Ecumenical Temple
  2206 | D:4      | Noticed a phantom
  2217 | D:4      | Killed a phantom
  2218 | D:4      | Reached skill level 6 in Ranged Weapons
  2218 | D:4      | Reached XP level 5. HP: 34/38 MP: 5/5
  2310 | D:4      | Noticed Menkaure
  2317 | D:4      | Killed Menkaure
  2318 | D:4      | Reached XP level 6. HP: 25/44 MP: 6/6
  2419 | D:4      | Noticed an ice beast
  2430 | D:4      | Killed an ice beast
  2431 | D:4      | Reached skill level 7 in Ranged Weapons
  2464 | D:4      | Noticed Natasha
  2468 | D:4      | Killed Natasha
  2469 | D:4      | Reached XP level 7. HP: 50/50 MP: 7/7
  2482 | D:4      | Noticed Natasha
  2488 | D:4      | Killed Natasha
  2618 | D:4      | Found a bloodstained altar of Trog.
  2627 | D:4      | Found a glowing drain.
  2657 | Sewer    | Entered a sewer
  2748 | Sewer    | Reached skill level 8 in Ranged Weapons
  3063 | D:4      | Noticed Natasha
  3073 | D:4      | Killed Natasha
  3697 | D:4      | Found a blossoming altar of Fedhas.
  3820 | D:5      | Entered Level 5 of the Dungeon
  3898 | D:5      | Reached skill level 9 in Ranged Weapons
  3898 | D:5      | Reached XP level 8. HP: 17/56 MP: 8/8
  4718 | D:5      | Reached skill level 5 in Fighting
  5199 | D:6      | Found Qum Poj's Self-Published Books.
  5231 | D:6      | Reached XP level 9. HP: 68/68 MP: 9/9
  5262 | D:6      | Reached skill level 5 in Dodging
  5270 | D:6      | Found a broken altar of Ashenzari.
  5377 | D:6      | Found a snail-covered altar of Cheibriados.
  5557 | D:3      | Bought a potion of curing for 39 gold pieces
  5557 | D:3      | Bought a potion of heal wounds for 65 gold pieces
  5557 | D:3      | Bought a potion of curing for 39 gold pieces
  5648 | D:6      | Noticed Dowan
  5648 | D:6      | Noticed Eustachio
  5815 | D:6      | Noticed Duvessa
  5823 | D:6      | Killed Duvessa
  5835 | D:6      | Killed Eustachio
  5837 | D:6      | Killed Dowan
  6132 | D:6      | Found a hide-covered altar of Uskayaw.
  6209 | D:6      | Found a white marble altar of Elyvilon.
  6413 | D:6      | Found a glowing golden altar of the Shining One.
  6631 | D:7      | Reached skill level 10 in Ranged Weapons
  6638 | D:7      | Noticed a troll
  6946 | D:7      | Noticed a white ugly thing
  6961 | D:7      | Killed a white ugly thing
  6962 | D:7      | Reached XP level 10. HP: 14/74 MP: 10/10
  7032 | D:7      | Reached skill level 5 in Evocations
  8160 | D:8      | Noticed Erica
  8170 | D:8      | Reached skill level 11 in Ranged Weapons
  8184 | D:8      | Killed Erica
  8257 | D:8      | Found a flagged portal.
  8364 | Bailey   | Entered a bailey
  8763 | Bailey   | Reached skill level 12 in Ranged Weapons
  9356 | Bailey   | Reached XP level 11. HP: 44/79 MP: 11/11
  9518 | Bailey   | Found the +10 morningstar "Eos" {elec, Halo rElec}
  9868 | D:8      | Reached skill level 13 in Ranged Weapons
 10268 | D:9      | Noticed a cyclops
 10635 | D:9      | Killed a cyclops
 10744 | D:9      | Found an iron altar of Okawaru.
 10779 | D:9      | Became a worshipper of Warmaster Okawaru
 10832 | D:9      | Noticed Psyche
 10838 | D:9      | Killed Psyche
 10898 | D:9      | Reached skill level 14 in Ranged Weapons
 10996 | D:9      | Noticed Joseph
 11010 | D:9      | Killed Joseph
 11010 | D:9      | Reached * piety under Okawaru
 11204 | D:9      | Found a burning altar of Makhleb.
 11774 | D:10     | Entered Level 10 of the Dungeon
 11814 | D:10     | Noticed a two-headed ogre
 11821 | D:10     | Killed a two-headed ogre
 11889 | D:10     | Reached ** piety under Okawaru
 11890 | D:10     | Noticed Snorg
 11899 | D:10     | Killed Snorg
 11900 | D:10     | Reached skill level 10 in Fighting
 11926 | D:10     | Found an ornate altar of the Wu Jian Council.
 11975 | D:10     | Found the +1 eveningstar "Brilliance" {foul flame, Umbra}
 12008 | D:10     | Reached XP level 12. HP: 31/100 MP: 12/12
 12022 | D:10     | Reached *** piety under Okawaru
 12051 | D:10     | Found an ancient bone altar of Kikubaaqudgha.
 12147 | D:10     | Found a staircase to the Lair.
 12164 | D:10     | HP: 4/103 [wyvern (5)]
 12164 | D:10     | Slain by a vampire

Illustrated notes

Levels and vault maps discovered:
D:1:      doesnt_arrival_eight_statues, layout_basic, minmay_misc_feat_encased,
          minmay_tetromino_l4
D:2:      minmay_alternating_diamond, layout_basic
D:3:      layout_basic, serial_shops, shop
D:4:      nicolae_BIG_FREAKIN_CUBE, layout_basic, fedhas_altar_decomposition,
          nicolae_overflow_hidden_temple, cheibrodos_sewer_entry_bend,
          chequers_serial_rivers_small_b, uniq_natasha, uniq_menkaure
D:5:      minmay_inner_zag, layout_rooms
D:6:      layout_loops_ring, nicolae_overflow_crystal_walls, slow_altar_1,
          mainiacjoe_overflow_boulevard, lemuel_doored_altar,
          nicolae_custom_books, minmay_ruined_shrine, uniq_eustachio,
          uniq_duvessa
D:7:      layout_loops_ring, hangedman_minor_gate_pass
D:8:      layout_basic, enter_bailey_8, uniq_erica
D:9:      layout_stronghold, bloody_makhleb, okawaru_metal_pillars_3,
          nicolae_twisty_statue_hallways, uniq_psyche, uniq_joseph
D:10:     layout_basic, old_standard_altar, zin_scriptorium,
          nicolae_overflow_squiral, minmay_lair_entry_grove,
          roadster_capsule_ark_zombie, uniq_snorg
Temple:   compressed_dpeg_circular_temple

Skill      XL: |  1  2  3  4  5  6  7  8  9 10 11 12 |
---------------+-------------------------------------+-----
Ranged Weapons | 4 5 6 7 9 10 12 14 | 14.0
Fighting       | 5 11 12 | 12.5
Dodging        | 4 7 |  7.0
Evocations     | 4 5 |  5.0
Stealth        | |  0.7

Action                     |  1- 3 |  4- 6 |  7- 9 | 10-12 || total
---------------------------+-------+-------+-------+-------++-------
   Fire: Sling             |   140 |   190 |   724 |  1256 ||  2310
  Evoke: Wand              |       |       |     3 |    10 ||    13
    Use: Scroll            |       |       |    10 |     4 ||    14
         Potion            |       |       |       |     5 ||     5
 Armour: Leather armour    |     3 |    13 |    90 |   101 ||   207
         Troll leather arm |       |       |       |   110 ||   110
  Dodge: Dodged            |     8 |    15 |    95 |   179 ||   297

Table legend: (Time is in decaauts)
 A = Elapsed time spent in this place.
 B = Non-inter-level travel time spent in this place.
 C = Inter-level travel time spent in this place.
 D = Time resting spent in this place.
 E = Time spent auto-exploring this place.
 F = Levels seen in this place.
 G = Mean time per level.
                   A        B        C        D        E       F      G
               +--------+--------+--------+--------+--------+-----+--------+
         Total |  12173 |  11471 |    702 |    834 |   8339 |  13 |  936.4 |
       Dungeon |  10446 |   9744 |    702 |    376 |   7590 |  10 | 1044.6 |
        Temple |      1 |      1 |      0 |      0 |      0 |   1 |    1.0 |
         Sewer |    413 |    413 |      0 |      0 |    280 |   1 |  413.0 |
        Bailey |   1312 |   1312 |      0 |    458 |    469 |   1 | 1312.0 |
               +--------+--------+--------+--------+--------+-----+--------+

Top non-repeatable levels by time:
     D:9: 1791 daAuts
     D:5: 1608 daAuts
  Bailey: 1312 daAuts
     D:4: 1305 daAuts
     D:7: 1172 daAuts
     D:6: 1168 daAuts
     D:3: 941 daAuts
     D:2: 833 daAuts
     D:8: 771 daAuts
     D:1: 499 daAuts
   Sewer: 413 daAuts
    D:10: 354 daAuts
  Temple: 1 daAuts
